 Dungeon Crawl Stone Soup version 0.24-a0-479-g9a978d2894 (webtiles) character file.

Game seed: 17517502551229290052

66 Gynju the Cudgeler (level 3, 0/31 HPs)
             Began as a Minotaur Fighter on July 7, 2019.
             Slain by Crazy Yiuf
             ... wielding a +4 quarterstaff of chaos
              (1 damage)
             ... while petrified by Crazy Yiuf
             ... on level 2 of the Dungeon.
             The game lasted 00:01:57 (860 turns).

Gynju the Cudgeler (Minotaur Fighter)                Turns: 860, Time: 00:01:58

Health: 0/31       AC:  6    Str: 21    XL:     3   Next: 96%
Magic:  2/2        EV:  2    Int:  5    God:
Gold:   96         SH:  0    Dex:  9    Spells: 2/2 levels left

rFire    . . .     SeeInvis .   a - +0 flail
rCold    . . .     Gourm    .   c - +0 shield
rNeg     + + +     Faith    .   b - +0 scale mail
rPois    ∞         Spirit   .   (helmet restricted)
rElec    .         Reflect  .   (no cloak)
rCorr    .         Harm     .   (no gloves)
MR       .....                  (no boots)
Stlth    ..........             (no amulet)
HPRegen  0.10/turn              (no ring)
MPRegen  0.08/turn              (no ring)

@: petrified, slowed
A: retaliatory headbutt, horns 2
a: no special abilities


You were on level 2 of the Dungeon.
You were not hungry.

You visited 1 branch of the dungeon, and saw 2 of its levels.

You collected 96 gold pieces.

Inventory:

Hand Weapons
 a - a +0 flail (weapon)
Armour
 b - a +0 scale mail (worn)
 c - a +0 shield (worn)
Scrolls
 e - 2 scrolls of remove curse {unknown}
 i - 2 scrolls of teleportation {unknown}
 j - a scroll of identify {unknown}
 k - 2 scrolls of blinking {unknown}
Potions
 d - a potion of might
 h - a potion of agility {unknown}
 l - a potion of lignification {unknown}
Comestibles
 f - 9 rations
 g - a chunk of flesh


   Skills:
 - Level 3.6 Fighting
 + Level 5.2 Maces & Flails
 - Level 3.6 Armour
 - Level 3.6 Shields


You had 2 spell levels left.
You didn't know any spells.
Your spell library was empty.

Dungeon Overview and Level Annotations

Branches:
Dungeon (2/15)

Altars:

Annotations:
D:2 Crazy Yiuf


Innate Abilities, Weirdness & Mutations

You reflexively headbutt those who attack you in melee.
You have a pair of horns on your head.


Message History

Your limbs are stiffening.
You hit Crazy Yiuf. You headbutt Crazy Yiuf!
Crazy Yiuf is almost dead.
Crazy Yiuf hits you with a +4 quarterstaff of chaos!
You feel yourself slow down.
Crazy Yiuf hits you with a +4 quarterstaff of chaos.
You have turned to stone.
Crazy Yiuf hits you with a +4 quarterstaff of chaos!
Crazy Yiuf burns you.
* * * LOW HITPOINT WARNING * * *
Crazy Yiuf screams, "Trifle mumblescurry sallow!"
Crazy Yiuf barely misses you. Crazy Yiuf barely misses you. x2
Crazy Yiuf hits you with a +4 quarterstaff of chaos!
* * * LOW HITPOINT WARNING * * *
Crazy Yiuf burns you.
Crazy Yiuf hits you with a +4 quarterstaff of chaos!
* * * LOW HITPOINT WARNING * * *
Crazy Yiuf freezes you.
You die...

#.#
#.............#....
#.#
#...............##.
#.#
#.............##...
#.#
################.#.
#.# #... #.###♣♣♣♣♣
##..# #.#....♣.♣♣♣
### #...#
#.......♣..♣#...#
#.##.
#......♣♣♣♣@g...#
#.##. ##....♣♣
♣♣#..)# #....
####♣♣ ### #####


You could see Crazy Yiuf.

Vanquished Creatures
  2 adders (D:2)
  2 worms (D:2)
  4 dart slugs
  2 giant cockroaches
  5 goblins
  4 hobgoblins
  3 kobolds
  4 bats
  5 frilled lizards
  5 rats
36 creatures vanquished.

Notes
Turn   | Place    | Note
-------+----------+-------------------------------------------
     0 | D:1      | Gynju the Minotaur Fighter began the quest for the Orb.
     0 | D:1      | Reached XP level 1. HP: 19/19 MP: 0/0
    34 | D:1      | Reached skill level 3 in Maces & Flails
   140 | D:1      | Reached XP level 2. HP: 26/26 MP: 1/1
   248 | D:1      | Reached skill level 4 in Maces & Flails
   460 | D:2      | Reached XP level 3. HP: 31/31 MP: 2/2
   584 | D:2      | Reached skill level 5 in Maces & Flails
   745 | D:2      | Found a runed translucent door.
   746 | D:2      | Noticed Crazy Yiuf
   860 | D:2      | HP: 1/31 [Crazy Yiuf/+4 quarterstaff of chaos (4)]
   860 | D:2      | Slain by Crazy Yiuf

Levels and vault maps discovered:
D:1:      lemuel_arrival_behind_the_door_small, layout_rooms
D:2:      layout_rooms, minmay_tetromino_o2, uniq_crazy_yiuf_cottage

Skill      XL: |  1  2  3 |
---------------+----------+-----
Maces & Flails | 3 4 5 |  5.2
Fighting       | |  3.6
Armour         | |  3.6
Shields        | |  3.6

Action                   || total
-------------------------++-------
Melee: Flail             ||    88
       Headbutt          ||    20
Armor: Scale mail        ||    42
Dodge: Dodged            ||    26
Block: Shield            ||    30

Table legend:
 A = Non-vault XP
 B = Vault XP
 C = Vault XP percentage of total XP
 D = Non-vault monster count
 E = Vault monster count
 F = Vault count percentage of total count
                 A         B        C        D         E       F
            +---------+---------+-------+---------+---------+-------
      Total |      94 |       1 |   1.1 |      35 |       1 |   2.8
            +---------+---------+-------+---------+---------+-------
        D:1 |      36 |       0 |   0.0 |      19 |       0 |   0.0
        D:2 |      58 |       1 |   1.7 |      16 |       1 |   5.9
            +---------+---------+-------+---------+---------+-------
